 Dungeon Crawl Stone Soup version 0.29.1-1-gd02db6906a (webtiles) character file.

Game seed: 1880328935012221056

25 hawla the Firebug (level 3, 0/26 HPs)
             Began as a Meteoran Fire Elementalist on Oct 19, 2022.
             Slain by a jelly (1 damage)
             ... on level 1 of the Dungeon.
             The game lasted 00:02:58 (326 turns).

hawla the Firebug (Meteoran Fire Elementalist)       Turns: 326, Time: 00:02:58

Health: 0/26       AC: -2    Str:  9    XL:     3   Next: 38%
Magic:  2/8        EV: 13    Int: 18    God:
Gold:   12         SH:  0    Dex: 15    Spells: 5/8 levels left

rFire   . . .      SeeInvis .   (no weapon)
rCold   . . .      Faith    .   (no shield)
rNeg    . . .      Spirit   .   a - +0 robe
rPois   .          Reflect  .   (no helmet)
rElec   .          Harm     .   (no cloak)
rCorr   .          Rampage  .   (no gloves)
Will    .....                   (no boots)
Stlth   +.........              (no amulet)
HPRegen 0.08/turn               (no ring)
MPRegen 0.11/turn               (no ring)

@: weak-willed, corroded, glowing
A: sense surroundings 1, otherworldly, glowing, explore regen
a: no special abilities


You were on level 1 of the Dungeon.
You visited 1 branch of the dungeon, and saw 1 of its levels.

You collected 12 gold pieces.

Inventory:

Armour
 a - a +0 robe (worn)
Jewellery
 c - an amulet of guardian spirit


   Skills:
 + Level 0.1 Fighting
 + Level 2.7 Dodging
 - Level 1.4 Stealth
 + Level 3.0 Spellcasting
 + Level 1.8 Conjurations
 + Level 4.4 Fire Magic


You had 5 spell levels left.
You knew the following spells:

 Your Spells              Type           Power      Damage    Failure   Level
a - Foxfire               Conj/Fire      52%        2x1d6     4%          1
b - Scorch                Fire           36%        2d7       4%          2

Your spell library contained the following spells:

 Spells                   Type           Power      Damage    Failure   Level
 Conjure Flame            Conj/Fire      13%        6-21      14%         3
 Inner Flame              Hex/Fire       10%        N/A       21%         3
 Flame Wave               Conj/Fire      13%        2d6       41%         4


Dungeon Overview and Level Annotations

Branches:
Dungeon (1/15) Zot: 273

Altars:


Innate Abilities, Weirdness & Mutations

You passively map a small area around you.
You are easily found by Zot.
You glow in the dark.
You regain HP and MP as you explore.


Message History

You kill the giant cockroach!
The foxfire hits the giant cockroach.
The giant cockroach is burned terribly!
You kill the giant cockroach!
The jackal bites you but does no damage.
Casting: Scorch (safe; 4% risk of failure)
Confirm with . or Enter, or press ? or * to list all spells.
You conjure some foxfire!
The jackal bites you but does no damage.
Casting: Foxfire (safe; 4% risk of failure)
Confirm with . or Enter, or press ? or * to list all spells.
You conjure some foxfire!
The jackal barely misses you.
Casting: Foxfire (safe; 4% risk of failure)
Confirm with . or Enter, or press ? or * to list all spells.
Flames lash the jackal.
You kill the jackal!
The foxfire hits the endoplasm.
The endoplasm is heavily wounded.
The foxfire hits the endoplasm.
You kill the endoplasm!
You close the door.
You start waiting.
Your foxfire dissipates!
You hear a slurping noise.
The jelly eats the door!
The jelly hits you but does no damage. The jelly attacks as you move away!
The jelly hits you. The acid corrodes you!
You are splashed with acid!
The jelly hits you.
You are splashed with acid!
The endoplasm hits you. The jackal attacks as you move away!
The jackal bites you.
* * * LOW HITPOINT WARNING * * *
The jelly attacks as you move away! The jelly completely misses you.
The jackal bites you.
* * * LOW HITPOINT WARNING * * *
You aren't carrying any potions.
As you read the scroll labelled FUDGHYZ TUFRUSKOUSM, it crumbles to dust.
Magic quickly surges around you.
It was a scroll of vulnerability.
The jackal bites you.
* * * LOW HITPOINT WARNING * * *
The jelly hits you.
You die...

...........##.#.....J.......#....
##.##......##.+⌠....###....⌠+..##
# ##.....##.#...w..<......#..##
##.#†.##.#..⌠...>...⌠..#..## *
#.#..##.###.#######+###..##
#.#........h............###
#.........h......#.....## # *
######hJJ........### # *
#@#######.#.# # #.# #.#.# # #.#
#.#.# # * #.# #####.#.# # #..
....#.#.###### , ###
*#........... ###.#.###### #.#.#
#...#


You could see a worm (weak-willed), a jelly (weak-willed), an endoplasm
(weak-willed) and 3 jackals.

Vanquished Creatures
  A ball python (D:1)
  3 bats (D:1)
  An endoplasm (D:1)
  2 giant cockroaches (D:1)
  A goblin (D:1)
  2 hobgoblins (D:1)
  A jackal (D:1)
  A kobold (D:1)
  9 frilled lizards (D:1)
  4 rats (D:1)
25 creatures vanquished.

Vanquished Creatures (others)
  34 foxfires (D:1)
34 creatures vanquished.

Grand Total: 59 creatures vanquished

Notes
Turn   | Place    | Note
-------+----------+-------------------------------------------
     0 | D:1      | hawla the Meteoran Fire Elementalist began the quest for
                  | the Orb.
     0 | D:1      | Reached XP level 1. HP: 14/14 MP: 5/5
     1 | D:1      | Found a runed translucent door.
     2 | D:1      | Noticed a jelly
    83 | D:1      | Reached XP level 2. HP: 17/20 MP: 3/6
    86 | D:1      | Learned a level 2 spell: Scorch
   121 | D:1      | Reached skill level 4 in Fire Magic
   151 | D:1      | Reached XP level 3. HP: 4/26 MP: 5/8
   326 | D:1      | HP: 1/26 [jackal (3)]
   326 | D:1      | Slain by a jelly

Illustrated notes

Levels and vault maps discovered:
D:1:      dpeg_arrival_caged_fury, layout_loops_ring,
          dilly_ecumenical_altar_fadedgnrine, minmay_lizard_pond

Skill      XL: |  1  2 |
---------------+-------+-----
Fire Magic     | 4 |  4.4
Spellcasting   | 3 |  3.0
Fighting       | |  0.1
Dodging        | |  2.7
Stealth        | |  1.4
Conjurations   | |  1.8

Action                   || total
-------------------------++-------
Melee: Unarmed           ||     6
 Cast: Foxfire           ||    24
       Scorch            ||     9
  Use: Potion            ||     1
       Scroll            ||     1
Armor: Robe              ||    19
Dodge: Dodged            ||    43
